 Dungeon Sprint DCSS version 0.17-a0-2231-gd80ca38 (webtiles) character file.

29398 esc the Imperceptible (level 13, -9/69 HPs)
             Began as a Spriggan Enchanter on Oct 29, 2015.
             Was the Champion of Dithmenos.
             Killed from afar by Lom Lobon (61 damage)
             ... with a great icy blast
             ... in the Dungeon (Sprint I: "Red Sonja").
             The game lasted 00:39:35 (5452 turns).

esc the Imperceptible (Spriggan Enchanter)          Turns: 5452, Time: 00:39:36

Health: -9/69      AC:  4    Str:  9    XL:     13   Next: 15%
Magic:  32/36      EV: 38    Int: 25    God:    Dithmenos [******]
Gold:   519        SH:  0    Dex: 17    Spells: 4 memorised, 28 levels left

rFire  + + .     SeeInvis +     a - +1 dagger
rCold  . . .     Rnd*Rage +     t - +1 robe {MR+}
rNeg   + + .     SustAt   .     (shield restricted)
rPois  .         Gourm    +     (helmet restricted)
rElec  +         Spirit   .     s - +1 cloak {MR+}
rCorr  .         Warding  .     (gloves unavailable)
rMut   .         NoTele   +     (boots unavailable)
MR     ++++.                    q - amulet of Wishful Thinking {Gourm rN++ Str+7 Int-2}
Stlth  ++++++++++               G - ring of Iriuck {+Inv rF++ MP+9 Int+3 Stlth+}
                                u - ring of Jaulext {rElec EV+3 Int+5}

@: lethally poisoned (-9 -> -59), wreathed by umbra, very quick, incredibly
resistant to hostile enchantments, uncannily stealthy
A: unfitting armour, see invisible, berserk 2, deformed body, dopey 1, herbivore
3, speed 3, frail 1, low mp 1, screaming 2, slow metabolism 2, weak 1, subdued
magic 2, MP-powered wands
a: Shadow Step, Shadow Form, Renounce Religion, Evoke Invisibility


You were in the Dungeon.
You worshipped Dithmenos.
Dithmenos was exalted by your worship.
You were not hungry.

You visited 1 branch You collected 3444 gold pieces.
You spent 2925 gold pieces at shops.

Inventory:

Hand Weapons
 a - a +1 dagger (weapon)
 l - a +0 blowgun
   (You took it off Sonja in the Dungeon)
 m - a +0 dagger of distortion {!w}
   (You took it off Sonja in the Dungeon)
 F - the +6 trident of Fixation {pierce, rC++ Int-4}
   (You found it in the Dungeon)

   It inflicts extra damage upon your enemies.
   It affects your intelligence (-4).
   It greatly protects you from cold.
Missiles
 i - 9 curare-tipped needles
 j - 9 poisoned needles
Armour
 b - a +1 robe
 p - the +9 armour of the Dragon King {rPois rF+ rC+ MR+}
   (You found it in the Dungeon)

   It protects you from fire.
   It protects you from cold.
   It protects you from poison.
   It affects your resistance to hostile enchantments.
 s - a +1 cloak of magic resistance (worn)
   (You bought it in a shop in the Dungeon)
 t - a +1 robe of magic resistance (worn)
   (You bought it in a shop in the Dungeon)
Magical Staves
 D - an uncursed staff of cold {rC+}
   (You found it in the Dungeon)
Jewellery
 o - an uncursed ring of wizardry {Wiz+, !d}
   (You found it in the Dungeon)
 q - the amulet of Wishful Thinking (around neck) {Gourm rN++ Str+7 Int-2}
   (You found it in the Dungeon)

   [amulet of the gourmand]

   It allows you to eat raw meat even when not hungry.
   It affects your strength (+7).
   It affects your intelligence (-2).
   It greatly protects you from negative energy.
 u - the ring of Jaulext (left hand) {rElec EV+3 Int+5}
   (You bought it in a shop in the Dungeon)

   [ring of evasion]

   It affects your evasion (+3).
   It affects your intelligence (+5).
   It insulates you from electricity.
 v - an uncursed ring of poison resistance {rPois, !d}
   (You bought it in a shop in the Dungeon)
 A - an uncursed ring of invisibility {+Inv, !d}
   (You found it in the Dungeon)
 E - an uncursed amulet of clarity {Clar, !d}
   (You found it in the Dungeon)
 G - the ring of Iriuck (right hand) {+Inv rF++ MP+9 Int+3 Stlth+}
   (You found it in the Dungeon)

   [ring of invisibility]

   It affects your intelligence (+3).
   It greatly protects you from fire.
   It affects your magic capacity (+9).
   It lets you turn invisible.
   It makes you more stealthy.
Wands
 z - a wand of lightning (7)
   (You bought it in a shop in the Dungeon)
 B - a wand of paralysis (10)
   (You bought it in a shop in the Dungeon)
Scrolls
 f - 2 scrolls of blinking {!r}
 n - a scroll of remove curse
 r - a scroll of identify
 C - a scroll of magic mapping {!r}
Potions
 e - 2 potions of curing
 g - a potion of haste
 h - 2 potions of magic
 k - a potion of lignification {!q}
 x - a potion of ambrosia {!q}
Books
 c - a book of Maledictions
Miscellaneous
 w - a fan of gales
   (You bought it in a shop in the Dungeon)
 y - a phantom mirror
Comestibles
 d - 3 bread rations {@e1}


   Skills:
 + Level 13.4 Fighting
 - Level 12.2 Short Blades
 + Level 21.0 Dodging
 + Level 22.5 Stealth
 - Level 12.8 Spellcasting
 - Level 4.9 Conjurations
 - Level 13.1 Hexes
 - Level 5.4 Ice Magic
 - Level 4.7 Invocations
 - Level 8.8 Evocations


You had 28 spell levels left.
You knew the following spells:

 Your Spells              Type           Power        Failure   Level  Hunger
a - Ensorcelled Hibernat  Hex/Ice        ####..       0%          2    None
b - Dazzling Spray        Conj/Hex       ####....     0%          3    None
c - Tukima's Dance        Hex            #####...     0%          3    None
v - Corona                Hex            #####..      0%          1    None


Dungeon Overview and Level Annotations

Branches:
Dungeon (1/1)

Altars:
Cheibriados
Dithmenos
Elyvilon
Fedhas
Gozag
Kikubaaqudgha
Makhleb
Nemelex Xobeh
Okawaru
Qazlal
Ru
Sif Muna
Trog
Vehumet
Xom
Yredelemnul
Zin
The Shining One
Jiyva

Shops:
D %?![=!%=*?[*[[=?[*}[[

Annotations:
D Lom Lobon, Norris, Tiamat


Innate Abilities, Weirdness & Mutations

You are tiny and cannot use many weapons and most armour.
You have supernaturally acute eyesight.
You are a herbivore.
You cover ground extremely quickly.
You need consume almost no food.
You often lose your temper in combat.
Armour fits poorly on your strangely shaped body.
You are dopey. (Int -2)
You are frail (-10% HP).
Your magical capacity is low (-10% MP).
You sometimes yell uncontrollably at your foes.
You are weak. (Str -2)
Your spells are easier to cast, but less powerful.
You expend magic power (3 MP) to strengthen your wands.


Message History

You kill the deep elf master archer!
Dithmenos accepts your kill.
Your Dodging skill increases to level 21!
Items here: ( ) [ † a longbow; 46 arrows; a leather armour; an elf corpse You now have 276 gold pieces (gained 27).
You now have 303 gold pieces (gained 27).
You now have 330 gold pieces (gained 27).
There is an open door here.
D - a weird jewelled staff
E - a runed zirconium amulet Put on which piece of jewellery? (? for menu, Esc to quit)
You remove the amulet of Wishful Thinking {Gourm rN++ Str+7 Int-2}.
Shopping-list: removing an uncursed amulet of clarity on this level
E - an amulet of clarity (around neck) Put on which piece of jewellery? (? for menu, Esc to quit)
You remove your amulet of clarity {Clar, !d}.
You feel a craving for the dungeon's cuisine.
q - the amulet of Wishful Thinking (around neck) {Gourm rN++ Str+7 Int-2} You see here a runed quarterstaff.
There is an open door here.
You now have 357 gold pieces (gained 27).
Items here: ( ) [ † a longbow; 46 arrows; a leather armour; an elf corpse You now have 384 gold pieces (gained 27).
You now have 411 gold pieces (gained 27).
MP restored: 27 You now have 438 gold pieces (gained 27).
You now have 465 gold pieces (gained 27).
You now have enough gold to buy the amulet of the Four Winds {Clar rN+ MR+++} on this level.
You now have 492 gold pieces (gained 27).
You now have 519 gold pieces (gained 27).
You enter the shallow water.
Moving in this stuff is going to be slow.
Items here: ( ) [ † a longbow; 46 arrows; a leather armour; an elf corpse
There is an open door here.
You see here a runed quarterstaff.
You see here a runed war axe.
You open the door.
There is an open door here.
F - a slimy trident
G - a fine glass ring Put on which piece of jewellery? (? for menu, Esc to quit)
You're wearing all the rings you can.
Remove which one? (? for menu, Esc to cancel) < or
u - the ring of Jaulext {rElec EV+3 Int+5} > or
A - a ring of invisibility {+Inv, !d} You remove your ring of invisibility {+Inv, !d}.
You feel your magic capacity increase.
You feel clever.
G - the ring of Iriuck (right hand) {+Inv rF++ MP+9 Int+3 Stlth+}
H - a tiny garnet amulet Put on which piece of jewellery? (? for menu, Esc to quit)
You remove the amulet of Wishful Thinking {Gourm rN++ Str+7 Int-2}.
You feel a craving for the dungeon's cuisine.
H - an amulet of the gourmand (around neck) Put on which piece of jewellery? (? for menu, Esc to quit)
You remove your amulet of the gourmand {Gourm, !d}.
You feel a craving for the dungeon's cuisine.
q - the amulet of Wishful Thinking (around neck) {Gourm rN++ Str+7 Int-2} Drop what? 34/52 slots (_ for help) (? for menu, Esc to quit)
Really drop
H - an uncursed amulet of the gourmand {Gourm, !d}? [Y]es or [N]o only, please.
Really drop
H - an uncursed amulet of the gourmand {Gourm, !d}?
You drop an uncursed amulet of the gourmand {Gourm, !d}.
Wield which item (- for none, * to show all)? (? for menu, Esc to quit)
You feel stupid.
F - the +6 trident of Fixation (weapon)
{pierce, rC++ Int-4} Wield which item (- for none, * to show all)? (? for menu, Esc to quit)
D - an uncursed staff of cold (weapon)
Wield which item (- for none, * to show all)? (? for menu, Esc to quit)
a - a +1 dagger (weapon)
Read which item? (? for menu, Esc to quit)
Okay, then.
You start resting.
MP restored: 36 You open the door.
Lom Lobon, Demon Lord of Forbidden Knowledge comes into view.
You are engulfed in dark miasma.
You are poisoned.
You feel sick.
You take 3 damage, and have 66/69 hp.
Aim: Lom Lobon (resting, umbra)
You step into Lom Lobon's shadow.
You are engulfed in dark miasma.
You are more poisoned.
You feel very sick.
You take 8 damage, and have 58/69 hp.
You now have 32/36 mp.
The helpless Lom Lobon fails to defend himself.
You spit Lom Lobon like a pig!!!!!
Your shadow hits Lom Lobon but does no damage.
You are engulfed in dark miasma.
You are more poisoned.
You feel sick. Lom Lobon gestures at you.
Lom Lobon conjures a mighty blast of ice!
The great icy blast engulfs you!
Ouch! That really hurt!
You die...

###§#.)'......####'# ##'##
.§#§#####...###....#.#≈≈≈##
.#'.#)..#####...####.#≈≈≈≈##
≈####.....).))###§§. #≈≈≈≈≈######
≈##.......#####§§§§####≈≈≈≈#≈≈≈≈≈
###.(....##..§§§§§§#..#'≈≈≈'≈≈†≈≈
# #.....##..§§§§§§§#...##≈≈#≈≈≈≈≈
###.....#...§§§§§.§#....######'##
∩######## #.§&@.§#....#≈≈≈≈≈≈≈≈
###≈≈≈≈≈≈≈≈d#.§§.§§#######≈≈≈≈≈≈≈
# ###########§.§§.§'§.#.)'..)≈≈≈≈
#..0..+ .§§§§§.§#§.').#.......
####### #######################


You could see Lom Lobon.

Vanquished Creatures
  the Lernaean hydra (D)
  A deep elf master archer (D)
  4 fire giants (D)
  A lorocyproca (D)
  A deep elf annihilator (D)
  A mummy priest (D)
  A hydra (D)
  2 centaur warriors (D)
  Sonja (D)
  A deep troll (D)
  7 unseen horrors (D)
  A lindwurm (D)
  8 shining eyes (D)
  2 oklob plants (D)
  2 sirens (D)
  A gargoyle (D)
  2 kobold demonologists (D)
  A hellwing (D)
  4 demonic crawlers (D)
  A slime creature (D)
  4 trapdoor spiders (D)
  Sigmund (D)
  13 hogs (D)
  A yak (D)
  5 wasps (D)
  7 necrophages (D)
  An ogre (D)
  8 jellies (D)
  Ijyb (D)
  7 giant eyeballs (D)
  3 ballistomycetes (D)
  A giant spore (D)
95 creatures vanquished.

Vanquished Creatures (others)
  A gargoyle (D)
  A giant spore (D)
2 creatures vanquished.

Grand Total: 97 creatures vanquished

Notes
Turn   | Place    | Note
--------------------------------------------------------------
     0 | D        | esc the Spriggan Enchanter began the quest for the Orb.
     0 | D        | Reached XP level 1. HP: 9/9 MP: 5/5
     1 | D        | Noticed Ijyb
    16 | D        | Killed Ijyb
    16 | D        | Reached skill level 1 in Fighting
    16 | D        | Reached skill level 3 in Short Blades
    16 | D        | Reached skill level 4 in Dodging
    16 | D        | Reached skill level 5 in Stealth
    16 | D        | Reached skill level 3 in Spellcasting
    16 | D        | Reached skill level 4 in Hexes
    16 | D        | Reached XP level 2. HP: 11/14 MP: 4/7
   144 | D        | Learned a level 2 spell: Ensorcelled Hibernation
   145 | D        | Noticed an ogre
   148 | D        | Killed an ogre
   148 | D        | Reached skill level 2 in Fighting
   148 | D        | Reached skill level 4 in Short Blades
   148 | D        | Reached skill level 5 in Dodging
   148 | D        | Reached skill level 7 in Stealth
   148 | D        | Reached skill level 5 in Spellcasting
   148 | D        | Reached skill level 5 in Hexes
   148 | D        | Reached XP level 3. HP: 16/19 MP: 7/10
   148 | D        | Reached XP level 4. HP: 19/23 MP: 8/12
   206 | D        | Noticed Sigmund
   209 | D        | Killed Sigmund
   209 | D        | Reached skill level 3 in Fighting
   209 | D        | Reached skill level 5 in Short Blades
   209 | D        | Reached skill level 7 in Dodging
   209 | D        | Reached skill level 9 in Stealth
   209 | D        | Reached skill level 6 in Spellcasting
   209 | D        | Reached skill level 7 in Hexes
   209 | D        | Reached XP level 5. HP: 26/29 MP: 13/15
   209 | D        | Reached XP level 6. HP: 29/33 MP: 13/16
   246 | D        | Found a deep blue altar of Sif Muna.
   247 | D        | Noticed a jelly
   248 | D        | Found a radiant altar of Vehumet.
   252 | D        | Killed a jelly
   252 | D        | Reached skill level 4 in Fighting
   252 | D        | Reached skill level 8 in Dodging
   283 | D        | Found Ysui's Armour Emporium.
   283 | D        | Found a white marble altar of Elyvilon.
   283 | D        | Found a stormy altar of Qazlal.
   283 | D        | Found a burning altar of Makhleb.
   283 | D        | Found a sacrificial altar of Ru.
   283 | D        | Found a basalt altar of Yredelemnul.
   283 | D        | Found a glowing golden altar of the Shining One.
   283 | D        | Found a sparkling altar of Nemelex Xobeh.
   283 | D        | Found a shimmering altar of Xom.
   283 | D        | Found an opulent altar of Gozag.
   283 | D        | Found an ancient bone altar of Kikubaaqudgha.
   283 | D        | Found a glowing silver altar of Zin.
   283 | D        | Noticed a yak
   284 | D        | Found an iron altar of Okawaru.
   285 | D        | Killed a yak
   285 | D        | Reached skill level 6 in Short Blades
   285 | D        | Reached skill level 10 in Stealth
   285 | D        | Reached skill level 7 in Spellcasting
   286 | D        | Found a bloodstained altar of Trog.
   300 | D        | Found a viscous altar of Jiyva.
   300 | D        | Found a blossoming altar of Fedhas.
   300 | D        | Noticed a slime creature
   301 | D        | Found a snail-covered altar of Cheibriados.
   301 | D        | Found a shadowy altar of Dithmenos.
   309 | D        | Killed a slime creature
   309 | D        | Reached skill level 5 in Fighting
   309 | D        | Reached skill level 7 in Short Blades
   309 | D        | Reached skill level 9 in Dodging
   309 | D        | Reached skill level 8 in Spellcasting
   309 | D        | Reached skill level 8 in Hexes
   309 | D        | Reached XP level 7. HP: 25/39 MP: 17/19
   311 | D        | Became a worshipper of Dithmenos the Shadowed
   418 | D        | Killed a gargoyle
   420 | D        | Noticed a kobold demonologist
   421 | D        | Noticed a kobold demonologist
   425 | D        | Killed a kobold demonologist
   425 | D        | Reached skill level 10 in Dodging
   425 | D        | Reached skill level 11 in Stealth
   425 | D        | Reached skill level 9 in Hexes
   432 | D        | Killed a kobold demonologist
   432 | D        | Reached * piety under Dithmenos
   432 | D        | Reached skill level 6 in Fighting
   432 | D        | Reached skill level 8 in Short Blades
   432 | D        | Reached skill level 9 in Spellcasting
   432 | D        | Reached XP level 8. HP: 42/44 MP: 8/22
   525 | D        | Noticed Sonja
   529 | D        | Killed Sonja
   529 | D        | Reached skill level 11 in Dodging
   529 | D        | Reached skill level 12 in Stealth
   529 | D        | Reached skill level 10 in Spellcasting
   529 | D        | Reached skill level 10 in Hexes
   545 | D        | Noticed a deep troll
   549 | D        | Killed a deep troll
   549 | D        | Reached skill level 7 in Fighting
   549 | D        | Reached skill level 9 in Short Blades
   549 | D        | Reached skill level 12 in Dodging
   549 | D        | Reached skill level 13 in Stealth
   549 | D        | Reached XP level 9. HP: 48/50 MP: 21/24
   560 | D        | Found Hioqih's Armour Emporium.
   734 | D        | Found Wuinung's Food Boutique.
   772 | D        | Noticed a centaur warrior
   772 | D        | Noticed a centaur warrior
   776 | D        | Killed a centaur warrior
   776 | D        | Reached ** piety under Dithmenos
   776 | D        | Reached skill level 10 in Short Blades
   776 | D        | Reached skill level 13 in Dodging
   776 | D        | Reached skill level 14 in Stealth
   776 | D        | Reached skill level 3 in Invocations
   780 | D        | Killed a centaur warrior
   780 | D        | Reached skill level 8 in Fighting
   780 | D        | Reached skill level 4 in Invocations
   787 | D        | Learned a level 3 spell: Dazzling Spray
   791 | D        | Learned a level 3 spell: Tukima's Dance
   870 | D        | Noticed a wasp
   873 | D        | Killed a wasp
   884 | D        | Noticed an oklob plant
   886 | D        | Killed an oklob plant
   886 | D        | Reached XP level 10. HP: 56/56 MP: 25/25
   893 | D        | Noticed a trapdoor spider
   895 | D        | Noticed a trapdoor spider
   896 | D        | Killed a trapdoor spider
   896 | D        | Reached skill level 15 in Stealth
   898 | D        | Noticed a trapdoor spider
   900 | D        | Noticed a trapdoor spider
  1107 | D        | HP: 8/57 [trapdoor spider (7)]
  1324 | D        | Killed a trapdoor spider
  1324 | D        | Reached *** piety under Dithmenos
  1324 | D        | Reached skill level 11 in Short Blades
  1324 | D        | Reached skill level 14 in Dodging
  1328 | D        | Killed a trapdoor spider
  1374 | D        | Killed a trapdoor spider
  1396 | D        | Noticed an unseen horror
  1397 | D        | Noticed an unseen horror
  1403 | D        | Killed an unseen horror
  1405 | D        | Killed an unseen horror
  1405 | D        | Reached skill level 9 in Fighting
  1405 | D        | Reached skill level 16 in Stealth
  1421 | D        | Noticed a jelly
  1421 | D        | Noticed a jelly
  1421 | D        | Noticed a jelly
  1421 | D        | Noticed a jelly
  1421 | D        | Noticed a jelly
  1421 | D        | Noticed a jelly
  1421 | D        | Noticed a jelly
  1423 | D        | Killed a jelly
  1423 | D        | Reached **** piety under Dithmenos
  1423 | D        | Reached skill level 15 in Dodging
  1424 | D        | Killed a jelly
  1425 | D        | Noticed a necrophage
  1425 | D        | Noticed a necrophage
  1425 | D        | Noticed a necrophage
  1426 | D        | Killed a jelly
  1442 | D        | Killed a jelly
  1447 | D        | Killed a jelly
  1456 | D        | Killed a jelly
  1498 | D        | Killed a jelly
  1501 | D        | Killed a necrophage
  1552 | D        | Reached ***** piety under Dithmenos
  1556 | D        | Noticed a necrophage
  1557 | D        | Noticed a necrophage
  1562 | D        | Noticed a necrophage
  1562 | D        | Noticed a necrophage
  1564 | D        | Killed a necrophage
  1564 | D        | Reached skill level 12 in Short Blades
  1566 | D        | Killed a necrophage
  1572 | D        | Killed a necrophage
  1574 | D        | Killed a necrophage
  1576 | D        | Killed a necrophage
  1577 | D        | Killed a necrophage
  1584 | D        | Got a twitching silver amulet
  1585 | D        | Identified the amulet of Wishful Thinking {Gourm rN++ Str+7 Int-2} (You found it in the Dungeon)
  1608 | D        | Found Gecuxki's Jewellery Shoppe.
  1608 | D        | Found Ehanud's Food Shop.
  1608 | D        | Found Iruelosmil's General Store.
  1610 | D        | Found Laol's Magic Scroll Emporium.
  1610 | D        | Found Biabo's Antique Armour Shop.
  1610 | D        | Found Ceviary's General Store.
  1610 | D        | Found Isoogur's Armour Boutique.
  1610 | D        | Found Litaom's Antique Armour Emporium.
  1610 | D        | Found Jauv's Jewellery Shop.
  1610 | D        | Found Ekainat's Magic Scroll Shoppe.
  1614 | D        | Found Ruongaes's Armour Boutique.
  1615 | D        | Found Waif's Gadget Emporium.
  1615 | D        | Found Joozuperch's General Store.
  1616 | D        | Bought a runed cloak for 121 gold pieces
  1621 | D        | Found Lovimo Gouq's Armour Emporium.
  1629 | D        | Bought a potion of heal wounds for 60 gold pieces
  1634 | D        | Bought a +1 robe of magic resistance for 139 gold pieces
  1723 | D        | Noticed a shining eye
  1723 | D        | Noticed a shining eye
  1723 | D        | Noticed a shining eye
  1723 | D        | Noticed a shining eye
  1723 | D        | Noticed a shining eye
  1723 | D        | Noticed a shining eye
  1755 | D        | Gained mutation: You expend magic power (3 MP) to strengthen your wands. [a shining eye]
  1757 | D        | Killed a shining eye
  1757 | D        | Reached skill level 1 in Conjurations
  1757 | D        | Reached skill level 11 in Hexes
  1757 | D        | Reached skill level 1 in Ice Magic
  1820 | D        | Noticed a shining eye
  1822 | D        | Noticed a shining eye
  1823 | D        | Killed a shining eye
  1823 | D        | Reached skill level 11 in Spellcasting
  1823 | D        | Reached skill level 2 in Conjurations
  1823 | D        | Reached skill level 2 in Ice Magic
  1825 | D        | Gained mutation: You occasionally shout uncontrollably at your foes. [a shining eye]
  1826 | D        | Paralysed by a giant eyeball for 2 turns
  1827 | D        | Gained mutation: Armour fits poorly on your strangely shaped body. [a shining eye]
  1828 | D        | Gained mutation: You are weak. (Str -2) [a shining eye]
  1829 | D        | Killed a shining eye
  1830 | D        | Gained mutation: You are frail (-10% HP). [a shining eye]
  1830 | D        | Gained mutation: You tend to lose your temper in combat. [a shining eye]
  1831 | D        | Killed a shining eye
  1831 | D        | Reached skill level 3 in Ice Magic
  1831 | D        | Reached XP level 11. HP: 55/55 MP: 18/27
  1832 | D        | Paralysed by a giant eyeball for 2 turns
  1836 | D        | Killed a shining eye
  1836 | D        | Reached skill level 3 in Conjurations
  1837 | D        | Gained mutation: You are dopey. (Int -2) [a shining eye]
  1840 | D        | Gained mutation: Your spells are a little easier to cast, but a little less powerful. [a shining eye]
  1842 | D        | Reached ****** piety under Dithmenos
  1844 | D        | Killed a shining eye
  1844 | D        | Reached skill level 12 in Hexes
  1848 | D        | Gained mutation: You often lose your temper in combat. [a shining eye]
  1848 | D        | Gained mutation: You sometimes yell uncontrollably at your foes. [a shining eye]
  1851 | D        | Gained mutation: Your magical capacity is low (-10% MP). [a shining eye]
  1855 | D        | Killed a shining eye
  1855 | D        | Reached skill level 12 in Spellcasting
  1855 | D        | Reached skill level 4 in Ice Magic
  1861 | D        | Gained mutation: Your spells are easier to cast, but less powerful. [a shining eye]
  1866 | D        | Killed a shining eye
  1866 | D        | Reached skill level 4 in Conjurations
  1870 | D        | Found Codyadgh's Jewellery Shop.
  1870 | D        | Found Taroder's Magic Scroll Shoppe.
  1870 | D        | Found Banaduc's Distillery.
  1870 | D        | Found Tezariobb's Distillery.
  1893 | D        | Bought the ring of Jaulext {rElec EV+3 Int+5} for 500 gold pieces
  1916 | D        | Bought an uncursed ring of poison resistance for 220 gold pieces
  2027 | D        | Noticed a demonic crawler
  2027 | D        | Noticed a demonic crawler
  2027 | D        | Noticed a demonic crawler
  2027 | D        | Noticed a demonic crawler
  2029 | D        | Killed a demonic crawler
  2030 | D        | Killed a demonic crawler
  2032 | D        | Killed a demonic crawler
  2032 | D        | Reached skill level 5 in Ice Magic
  2033 | D        | Killed a demonic crawler
  2048 | D        | Noticed a lindwurm
  2050 | D        | Killed a lindwurm
  2050 | D        | Reached skill level 13 in Hexes
  2057 | D        | Noticed a hog
  2057 | D        | Noticed a hog
  2057 | D        | Noticed a hog
  2057 | D        | Noticed a hog
  2057 | D        | Noticed a hog
  2058 | D        | Noticed a hog
  2058 | D        | Noticed a hog
  2058 | D        | Noticed a hog
  2058 | D        | Noticed a hog
  2060 | D        | Noticed a hog
  2064 | D        | Noticed a hog
  2072 | D        | Killed a hog
  2074 | D        | Noticed a hog
  2082 | D        | Killed a hog
  2082 | D        | Reached skill level 1 in Evocations
  2089 | D        | Killed a hog
  2094 | D        | Noticed a hog
  2097 | D        | Killed a hog
  2097 | D        | Reached skill level 2 in Evocations
  2103 | D        | Killed a hog
  2103 | D        | Reached skill level 17 in Stealth
  2109 | D        | Killed a hog
  2112 | D        | Killed a hog
  2112 | D        | Reached skill level 3 in Evocations
  2114 | D        | Killed a hog
  2116 | D        | Killed a hog
  2118 | D        | Killed a hog
  2121 | D        | Killed a hog
  2121 | D        | Reached skill level 16 in Dodging
  2121 | D        | Reached skill level 4 in Evocations
  2123 | D        | Killed a hog
  2125 | D        | Killed a hog
  2125 | D        | Reached skill level 10 in Fighting
  2201 | D        | Bought a bread ration for 60 gold pieces
  2243 | D        | Bought a bread ration for 50 gold pieces
  2298 | D        | Noticed a daeva
  2301 | D        | Noticed an unseen horror
  2301 | D        | Noticed an unseen horror
  2301 | D        | Noticed an unseen horror
  2302 | D        | Noticed an unseen horror
  2306 | D        | Noticed an unseen horror
  2306 | D        | Killed an unseen horror
  2306 | D        | Reached skill level 5 in Evocations
  2308 | D        | Killed an unseen horror
  2310 | D        | Killed an unseen horror
  2310 | D        | Reached skill level 18 in Stealth
  2310 | D        | Reached skill level 6 in Evocations
  2313 | D        | Killed an unseen horror
  2318 | D        | Killed an unseen horror
  2318 | D        | Reached skill level 17 in Dodging
  2318 | D        | Reached skill level 7 in Evocations
  2560 | D        | Noticed a 12-headed hydra
  2562 | D        | Killed a 12-headed hydra
  2562 | D        | Reached skill level 8 in Evocations
  2562 | D        | Reached XP level 12. HP: 62/62 MP: 26/26
  2653 | D        | Noticed a gargoyle
  2666 | D        | Killed a gargoyle
  2769 | D        | Noticed Norris
  2770 | D        | Noticed a lorocyproca
  2787 | D        | Killed a lorocyproca
  2787 | D        | Reached skill level 11 in Fighting
  3037 | D        | HP: 15/63 [something (10)]
  3344 | D        | Bought a phantom mirror for 360 gold pieces
  3345 | D        | Bought an ornate deck of defence for 260 gold pieces
  3469 | D        | Noticed a fire giant
  3470 | D        | Noticed a fire giant
  3470 | D        | Noticed a fire giant
  3470 | D        | Noticed a fire giant
  3471 | D        | Killed a fire giant
  3471 | D        | Reached skill level 18 in Dodging
  3471 | D        | Reached skill level 19 in Stealth
  3497 | D        | Killed a fire giant
  3515 | D        | Killed a fire giant
  3516 | D        | Killed a fire giant
  3516 | D        | Reached skill level 20 in Stealth
  3667 | D        | Noticed Tiamat
  3713 | D        | Noticed a siren
  3713 | D        | Noticed a deep elf annihilator
  3714 | D        | Noticed a hellwing
  3714 | D        | Noticed a mummy priest
  3714 | D        | Noticed a siren
  3714 | D        | Noticed a wasp
  3714 | D        | Noticed a wasp
  3714 | D        | Noticed a wasp
  3714 | D        | Noticed a wasp
  3724 | D        | Killed a wasp
  3726 | D        | Killed a wasp
  3728 | D        | Killed a wasp
  3743 | D        | Killed a wasp
  3743 | D        | Reached skill level 12 in Fighting
  3747 | D        | Killed a hellwing
  3747 | D        | Reached skill level 19 in Dodging
  3759 | D        | Killed a siren
  3760 | D        | Killed a siren
  3785 | D        | HP: 1/63 [deep elf annihilator/crystal spear (34)]
  3804 | D        | Killed a deep elf annihilator
  4038 | D        | Bought a fan of gales for 520 gold pieces
  4038 | D        | Bought a wand of lightning (7) for 143 gold pieces
  4286 | D        | HP: 16/64 [something (3)]
  4289 | D        | HP: 2/64 [something (8)]
  4541 | D        | Bought a scroll of blinking for 75 gold pieces
  4875 | D        | Bought a wand of paralysis (13) for 195 gold pieces
  4948 | D        | Killed a mummy priest
  4948 | D        | Reached skill level 21 in Stealth
  4951 | D        | Noticed an oklob plant
  5108 | D        | Killed an oklob plant
  5147 | D        | Noticed the 27-headed Lernaean hydra
  5149 | D        | Killed the 27-headed Lernaean hydra
  5149 | D        | Reached skill level 13 in Fighting
  5149 | D        | Reached skill level 20 in Dodging
  5149 | D        | Reached skill level 22 in Stealth
  5149 | D        | Reached XP level 13. HP: 67/69 MP: 22/27
  5150 | D        | Noticed a deep elf master archer
  5267 | D        | Bought 2 scrolls of blinking for 180 gold pieces
  5267 | D        | Bought a scroll of magic mapping for 42 gold pieces
  5353 | D        | Killed a deep elf master archer
  5353 | D        | Reached skill level 21 in Dodging
  5405 | D        | Got a slimy trident
  5407 | D        | Got a fine glass ring
  5409 | D        | Identified the ring of Iriuck {+Inv rF++ MP+9 Int+3 Stlth+} (You found it in the Dungeon)
  5417 | D        | Identified the +6 trident of Fixation {pierce, rC++ Int-4} (You found it in the Dungeon)
  5450 | D        | Noticed Lom Lobon
  5452 | D        | Killed from afar by Lom Lobon

Vault maps used:
D:        dungeon_sprint_1

Action                   |  1- 3 |  4- 6 |  7- 9 | 10-12 | 13-15 || total
-------------------------+-------+-------+-------+-------+-------++-------
Melee: Dagger            |    14 |    10 |    46 |   170 |     2 ||   242
 Fire: Blowgun           |       |       |       |     4 |       ||     4
 Cast: Corona            |     1 |       |       |       |       ||     1
       Ensorcelled Hiber |       |       |    12 |    49 |       ||    61
       Dazzling Spray    |       |       |       |    56 |       ||    56
Invok: Shadow Step       |       |       |       |     7 |     2 ||     9
Evoke: Box of beasts     |       |       |       |     7 |       ||     7
       Deck              |       |       |       |     4 |       ||     4
       Wand              |       |       |       |     3 |       ||     3
  Use: Potion            |     1 |       |       |     4 |       ||     5
       Scroll            |       |     1 |     1 |     5 |       ||     7
 Stab: Sleeping          |     1 |     4 |     9 |    46 |     2 ||    62
       Invisible         |       |       |       |     4 |       ||     4
       Distracted        |       |       |       |     1 |       ||     1
       Paralysed         |       |       |       |     1 |       ||     1
  Eat: Bread ration      |       |       |       |     1 |       ||     1

Vault maps used:
D:        dungeon_sprint_1

Table legend:
 A = Turns spent in this place as a percentage of turns spent in the entire game.
 B = Non-inter-level travel turns spent in this place as a percentage of non-inter-level travel turns spent in the entire game.
 C = Inter-level travel turns spent in this place as a percentage of turns spent in this place.
 D = Turns resting spent in this place as a percentage of non-inter-level travel turns spent in this place.
 E = Turns spent auto-exploring this place as a percentage of non-inter-level travel turns spent in this place.
 F = Non-inter-level travel turns spent in this place divided by the number of levels of this place that you've seen.
                   A       B       C       D       E      F
               +-------+-------+-------+-------+-------+----------------------
         Total | 100.0 | 100.0 |   0.9 |   4.4 |   0.0 | 1926.0
       Dungeon | 100.0 | 100.0 |   0.9 |   4.4 |   0.0 | 1926.0
               +-------+-------+-------+-------+-------+----------------------

Table legend:
 A = Kills in this place as a percentage of kills in entire the game.
 B = Kills by you in this place as a percentage of kills by you in the entire game.
 C = Kills by friends in this place as a percentage of kills by friends in the entire game.
 D = Other kills in this place as a percentage of other kills in the entire game.
 E = Experience gained in this place as a percentage of experience gained in the entire game.
 F = Experience gained in this place divided by the number of levels of this place that you have seen.
                   A       B       C       D       E      F
               +-------+-------+-------+-------+-------+----------------------
         Total | 100.0 | 100.0 |  -nan |  -nan | 100.0 | 41998.0
       Dungeon | 100.0 | 100.0 |  -nan |  -nan | 100.0 | 41998.0
               +-------+-------+-------+-------+-------+----------------------
